 Dungeon Crawl Stone Soup version 0.28-a0-691-gad6df49e81 (webtiles) character file.

Game seed: 18128907404725115565

921 mordus the Cudgeller (level 8, -1/58 HPs)
             Began as a Formicid Fighter on Oct 20, 2021.
             Was an Initiate of the Shining One.
             Slain by a water moccasin (5 damage)
             ... on level 5 of the Dungeon.
             The game lasted 00:09:48 (5245 turns).

mordus the Cudgeller (Formicid Fighter)             Turns: 5245, Time: 00:09:49

Health: -1/58      AC: 12    Str: 21 (23) XL:     8   Next: 31%
Magic:  8/8        EV:  6    Int:  7 (8)  God:    the Shining One [......]
Gold:   196        SH:  5    Dex:  9 (10) Spells: 7/7 levels left

rFire   . . .      SeeInvis +   q - +0 whip (venom)
rCold   . . .      Faith    .   c - +0 buckler
rNeg    . . .      Spirit   .   o - +0 plate armour
rPois   .          Reflect  .   (helmet unavailable)
rElec   .          Harm     .   (no cloak)
rCorr   .          Rampage  .   (no gloves)
Will    .....                   (no boots)
Stlth   ..........              (no amulet)
HPRegen 0.19/turn               (no ring)
MPRegen 0.11/turn               (no ring)

@: lethally poisoned (-1 -> -3), attractive, glowing
A: permanent stasis, dig shafts and tunnels, antennae 3, four strong arms
a: Dig, Shaft Self, Renounce Religion


You were on level 5 of the Dungeon.
You worshipped the Shining One.
The Shining One was noncommittal.
You visited 1 branch of the dungeon, and saw 5 of its levels.

You collected 196 gold pieces.

Inventory:

Hand Weapons
 a - a +0 flail
 q - a +0 whip of venom (weapon)
Missiles
 p - a throwing net
Armour
 b - a +0 scale mail
 c - a +0 buckler (worn)
 o - a +0 plate armour (worn)
Jewellery
 j - a ring of wizardry
Wands
 v - a wand of paralysis (1)
Scrolls
 g - 3 scrolls of teleportation {unknown}
 i - a scroll of magic mapping {unknown}
 k - 5 scrolls of identify {unknown}
 m - a scroll of blinking {unknown}
 n - a scroll of enchant armour {unknown}
 t - a scroll of noise {unknown}
 u - a scroll of fear {unknown}
Potions
 d - a potion of might
 e - a potion of degeneration
 f - a potion of attraction
 h - a potion of ambrosia
 l - 2 potions of heal wounds {unknown}
 r - a potion of lignification {unknown}
 s - 3 potions of flight {unknown}


   Skills:
 - Level 3.2 Fighting
 * Level 6.6 Maces & Flails
 + Level 5.9 Armour
 + Level 6.4 Shields


You had 7 spell levels left.
You didn't know any spells.
Your spell library contained the following spells:

 Spells                   Type           Power      Damage    Failure   Level
 Animate Skeleton         Necr           0%         N/A       100%        1
 Apportation              Tloc           0%         N/A       100%        1
 Summon Small Mammal      Summ           0%         N/A       100%        1
 Stone Arrow              Conj/Erth      0%         3d7       100%        3
 Animate Armour           Summ/Erth      0%         N/A       100%        4
 Lehudib's Crystal Spear  Conj/Erth      0%         10d2      100%        8


Dungeon Overview and Level Annotations

Branches:
Dungeon (5/15)
 Temple: D:4-7

Altars:
Dithmenos
The Shining One


Innate Abilities, Weirdness & Mutations

You cannot be hasted, slowed, berserked, paralysed or teleported.
You can dig through walls and to a lower floor.
You have a pair of large antennae on your head. (SInv)
Your four strong arms can wield two-handed weapons with a shield.


Message History

You are confused.
You feel invigorated.
You feel sick.
The water moccasin bites you but does no damage.
You barely miss the water moccasin.
The water moccasin is heavily wounded.
You feel sick.
You are no longer poisoned.
The water moccasin completely misses you.
The water moccasin bites you.
* * * LOW HITPOINT WARNING * * *
You are lethally poisoned!
The water moccasin poisons you!
You closely miss the water moccasin.
The water moccasin is heavily wounded.
* * * LOW HITPOINT WARNING * * *
You feel very sick.
The water moccasin completely misses you.
You miss the water moccasin.
The water moccasin is heavily wounded.
You feel sick. The water moccasin bites you!
* * * LOW HITPOINT WARNING * * *
You bump into the rock wall.
* * * LOW HITPOINT WARNING * * *
You feel sick. The water moccasin closely misses you.
You bump into the rock wall.
You feel less invigorated.
You feel less confused.
* * * LOW HITPOINT WARNING * * *
You feel sick. The water moccasin barely misses you.
The water moccasin bites you but does no damage.
You hit the water moccasin but do no damage.
The water moccasin is heavily wounded.
You feel sick.
The water moccasin bites you but does no damage.
You closely miss the water moccasin.
The water moccasin is heavily wounded.
You feel sick. The water moccasin closely misses you.
You closely miss the water moccasin.
The water moccasin is heavily wounded.
You feel sick. The water moccasin bites you.
You die...

# #.#...#.#..# #.# #.######.# #
#.#.#......# #.# #.#....... #
#.#.#..##..# #.# #.##.###.. #
#.#.#..##..# #.###.##.###..
###.#.#..##..# #.............
...).).<.....#######.###.##.####.
###.#.##.##..[.))).).........# #.
#..........###########.##..# #.
###.###....#..@S....######## ##
#.#.#....#.######.#....##
#.#......#.# #.'......
#.#.##...#.# ###......
#........#.# ###... ###........#
#. #####..#..# #.....>#..########
{ ######.######.......... { {


You could see a water moccasin.

Vanquished Creatures
  A necrophage (D:5)
  A centaur (D:4)
  2 ogres
  A howler monkey (D:5)
  A crimson imp (D:4)
  3 hounds
  A centaur skeleton (D:2)
  An iguana (D:4)
  Ijyb (D:5)
  Natasha (thrice) (D:2)
  4 orc wizards
  4 gnolls (D:3)
  6 adders
  An adder skeleton (D:4)
  A worm (D:3)
  3 dart slugs
  8 orcs
  2 ball pythons (D:2)
  4 bats
  8 endoplasms
  3 giant cockroaches
  3 goblins
  3 hobgoblins
  4 kobolds
  4 quokkas
  4 frilled lizards
  3 hobgoblin zombies (D:4)
  A kobold zombie (D:4)
  2 orc skeletons (D:4)
  An orc zombie (D:4)
  2 rats (D:2)
86 creatures vanquished.

Vanquished Creatures (others)
  8 plants (D:4)
8 creatures vanquished.

Grand Total: 94 creatures vanquished

Notes
Turn   | Place    | Note
-------+----------+-------------------------------------------
     0 | D:1      | mordus the Formicid Fighter began the quest for the Orb.
     0 | D:1      | Reached XP level 1. HP: 18/18 MP: 1/1
   285 | D:1      | Reached XP level 2. HP: 21/24 MP: 2/2
   823 | D:1      | Found a faded altar of an unknown god.
  1041 | D:2      | Reached XP level 3. HP: 24/29 MP: 3/3
  1615 | D:2      | Reached XP level 4. HP: 30/35 MP: 4/4
  1735 | D:2      | Noticed Natasha
  1741 | D:2      | Killed Natasha
  1742 | D:2      | Reached XP level 5. HP: 37/41 MP: 5/5
  1887 | D:2      | Noticed Natasha
  1896 | D:2      | Killed Natasha
  1932 | D:2      | Noticed Natasha
  1944 | D:2      | Killed Natasha
  2653 | D:3      | Reached XP level 6. HP: 29/47 MP: 6/6
  2956 | D:3      | Reached skill level 5 in Shields
  3211 | D:3      | Found a shadowy altar of Dithmenos.
  3476 | D:4      | Reached skill level 5 in Maces & Flails
  3696 | D:4      | Reached XP level 7. HP: 51/52 MP: 7/7
  3889 | D:4      | Reached skill level 5 in Armour
  4299 | D:4      | Found a glowing golden altar of the Shining One.
  4321 | D:4      | Became a worshipper of the Shining One
  4530 | D:5      | Entered Level 5 of the Dungeon
  4558 | D:5      | Noticed Ijyb
  4577 | D:5      | Killed Ijyb
  4722 | D:5      | Reached XP level 8. HP: 41/58 MP: 8/8
  5245 | D:5      | Slain by a water moccasin

Illustrated notes

Levels and vault maps discovered:
D:1:      amcnicky_arrival_blooded_trapdoor, layout_loops_corners,
          shapermc_ecumenical_altar_pompeii
D:2:      layout_rooms, uniq_natasha
D:3:      layout_basic, nicolae_dithmenos_the_darkroom, serial_park_tiny_1,
          serial_bayou_pond_b, kennysheep_donut
D:4:      layout_loops_ring, nicolae_tso_besieged_by_evil, serial_bayou_lake_a
D:5:      layout_basic, old_standard_altar, lightli_corner_chamber, uniq_edmund,
          uniq_ijyb

Skill      XL: |  1  2  3  4  5  6  7 |
---------------+----------------------+-----
Shields        | 4 5 6 |  6.4
Maces & Flails | 3 4 5 6 |  6.6
Armour         | 4 5 |  5.9
Fighting       | |  3.2

Action                   |  1- 3 |  4- 6 |  7- 9 || total
-------------------------+-------+-------+-------++-------
Melee: Flail             |   112 |    63 |     7 ||   182
       Whip              |       |    54 |   174 ||   228
  Use: Potion            |       |       |     3 ||     3
Armor: Scale mail        |    87 |     6 |       ||    93
       Plate armour      |       |    67 |    78 ||   145
Dodge: Dodged            |    80 |    39 |    36 ||   155
Block: Buckler           |    44 |    27 |    26 ||    97

Table legend: (Time is in decaauts)
 A = Elapsed time spent in this place.
 B = Non-inter-level travel time spent in this place.
 C = Inter-level travel time spent in this place.
 D = Time resting spent in this place.
 E = Time spent auto-exploring this place.
 F = Levels seen in this place.
 G = Mean time per level.
                   A        B        C        D        E       F      G
               +--------+--------+--------+--------+--------+-----+--------+
         Total |   5297 |   5222 |     75 |   1188 |   3165 |   5 | 1059.4 |
       Dungeon |   5297 |   5222 |     75 |   1188 |   3165 |   5 | 1059.4 |
               +--------+--------+--------+--------+--------+-----+--------+

Top non-repeatable levels by time:
     D:3: 1498 daAuts
     D:2: 1089 daAuts
     D:1: 1037 daAuts
     D:4: 979 daAuts
     D:5: 694 daAuts
